Canucks vs Thunderbirds
(R1)
Created - November 23, 2024 at 22:18
Goals
|
| Canucks |
0 |
3 |
2 |
5 |
| Thunderbirds |
0 |
1 |
1 |
2 |
|
Shots
|
| Canucks |
8 |
11 |
5 |
24 |
| Thunderbirds |
17 |
5 |
15 |
37 |
|
1st period
No Goal
Penalties :
Adam Ollas-Mattsson (Abb) for Cross-checking (Minor) at 3:58, Frederic Allard (Spr) for Holding (Minor) at 9:15, Sami Niku (Spr) for Boarding (Minor) at 19:52
2nd period
1. Canucks , Trevor Moore 6 (Daniel Zaar 10, Lane Pederson 6) at 4:07
2. Canucks , Juho Lammikko 7 (Adam Ollas-Mattsson 12) at 5:55
3. Thunderbirds , Emil Bemstrom 10 (Anthony Richard 13) at 13:29 (PP)
4. Canucks , Adam Ollas-Mattsson 3 (Juho Lammikko 12, Dan Renouf 13) at 14:59
Penalties :
Mackenzie MacEachern (Abb) for Interference (Minor) at 7:10, Artturi Lehkonen (Spr) for High sticking (Minor) at 9:31, Adam Ollas-Mattsson (Abb) for Holding (Minor) at 13:14, Ryan Lomberg (Abb) for Hooking (Minor) at 15:30
3rd period
5. Canucks , Curtis Lazar 13 (Nicolas Petan 18, Ryan Lomberg 14) at 4:14
6. Canucks , Ryan Lomberg 12 (Adam Ollas-Mattsson 13, Dan Renouf 14) at 14:21
7. Thunderbirds , Trey Fix-Wolansky 6 (Rasmus Kupari 1, Frederic Allard 3) at 17:04
Penalties :
Sami Niku (Spr) for Hooking (Minor) at 4:17, Guillaume Brisebois (Abb) for Interference (Minor) at 9:00
Goalie Stats
Thatcher Demko (Abb), 35 saves from 37 shots - (0.946), W, 6-5-0, 60:00 minutes
Magnus Hellberg (Spr), 19 saves from 24 shots - (0.792), L, 2-1-0, 60:00 minutes
Players Stats for Canucks
Player Name G A P +/- PIM S H SB GA TA FO MP PP MP PK MP
------------------------------------------------------------------------------------
Adam Ollas-Mattsson 1 2 3 3 4 1 1 2 0 2 0/0 27:53 4:46 3:20
Aleksi Heponiemi 0 0 0 2 0 0 1 0 0 0 0/0 9:14 0:00 0:15
Axel Holmstrom 0 0 0 0 0 1 2 0 1 1 3/9 17:12 3:29 2:44
C.J. Smith 0 0 0 0 0 0 3 0 0 0 0/0 8:00 0:00 0:00
Curtis Lazar 1 0 1 2 0 2 5 2 1 2 0/0 20:17 4:27 0:00
Dan Renouf 0 2 2 3 0 0 3 3 0 0 0/0 28:53 4:46 4:18
Daniel Zaar 0 1 1 0 0 3 2 2 0 1 1/1 14:28 3:29 0:00
Daniil Miromanov 0 0 0 1 0 1 0 0 1 1 0/0 22:08 3:10 4:12
Guillaume Brisebois 0 0 0 0 2 0 1 0 1 0 0/0 10:01 0:00 0:39
Juho Lammikko 1 1 2 2 0 1 1 0 1 0 0/0 10:33 0:00 1:32
Lane Pederson 0 1 1 0 0 0 2 0 1 0 0/3 8:00 0:00 0:00
Mackenzie MacEachern 0 0 0 2 2 0 0 0 0 0 0/0 10:12 0:00 1:10
Nicolas Petan 0 1 1 2 0 6 2 0 1 1 26/42 24:50 4:27 4:32
Ryan Lomberg 1 1 2 2 2 4 1 0 1 1 1/1 23:43 4:27 3:24
Trevor Moore 1 0 1 0 0 1 0 0 0 0 0/1 17:13 3:29 2:45
Will Borgen 0 0 0 0 0 2 2 2 1 0 0/0 9:49 0:00 0:31
William Lagesson 0 0 0 1 0 1 2 0 0 2 0/0 21:18 3:10 3:22
William Lockwood 0 0 0 0 0 1 1 0 2 0 0/0 8:00 0:00 0:00
Players Stats for Thunderbirds
Player Name G A P +/- PIM S H SB GA TA FO MP PP MP PK MP
------------------------------------------------------------------------------------
Anthony Richard 0 1 1 -1 0 2 2 1 2 0 8/12 19:02 3:38 2:29
Artturi Lehkonen 0 0 0 1 2 2 3 0 0 0 0/0 10:43 0:01 0:58
Dylan Blujus 0 0 0 -2 0 1 3 3 0 2 0/0 29:44 4:52 4:21
Dylan Sikura 0 0 0 -1 0 2 1 0 2 1 0/1 14:28 0:01 2:28
Emil Bemstrom 1 0 1 -1 0 4 0 0 0 0 1/1 11:59 3:38 0:00
Frederic Allard 0 1 1 -3 2 0 3 1 0 0 0/0 21:10 0:00 3:47
Henri Jokiharju 0 0 0 1 0 1 4 0 0 2 0/0 23:48 3:19 5:43
Jeremy Lauzon 0 0 0 0 0 0 0 0 0 0 0/0 0:05 0:00 0:00
Joachim Blichfeld 0 0 0 -3 0 5 1 0 4 0 1/1 18:58 4:32 0:00
Matt Roy 0 0 0 -2 0 2 0 1 1 4 0/0 22:44 2:44 1:12
Michael Rasmussen 0 0 0 -1 0 0 2 1 1 0 0/1 16:21 4:32 0:01
Paul Cotter 0 0 0 -1 0 1 2 0 0 0 0/2 11:59 3:38 0:00
Pierre Engvall 0 0 0 -3 0 4 2 1 0 1 0/1 19:36 0:00 4:27
Rasmus Kupari 0 1 1 1 0 1 0 0 0 1 0/0 8:11 0:00 0:00
Rourke Chartier 0 0 0 -3 0 5 3 1 0 0 12/26 18:58 4:32 0:00
Sami Niku 0 0 0 -2 4 2 1 0 1 0 0/0 20:40 5:27 0:47
Trent Frederic 0 0 0 -1 0 0 0 0 0 0 4/12 13:48 0:01 4:25
Trey Fix-Wolansky 1 0 1 1 0 5 0 0 0 0 0/0 9:46 0:00 1:06
3 Stars
1 - Dan Renouf (Abb)
2 - Curtis Lazar (Abb)
3 - Adam Ollas-Mattsson (Abb)
Power Play
Canucks - 0 on 4 Attempt(s) - 0.00%
Thunderbirds - 1 on 5 Attempt(s) - 20.00%
Penalty Kill
Canucks - 4 on 5 Attempt(s) - 80.00%
- Score 0 goal in Penalty Kill
Thunderbirds - 4 on 4 Attempt(s) - 100.00%
- Score 0 goal in Penalty Kill
Team Stat
Canucks - Hits : 29 - Faceoff Wins : 31 - Blocked Shots : 11 - Penalty Minutes : 10
Thunderbirds - Hits : 27 - Faceoff Wins : 26 - Blocked Shots : 9 - Penalty Minutes : 8
Official
Referees : Frederick L'Ecuyer and Justin St. Pierre
Linesman : Ryan Galloway and Tyson Baker
Game Notes
Jeremy Lauzon is injured at 0:04 of 1st period (Left Hip)
Finance
Level 1 -- Attendance: 2000 (100.00%) -- Ticket Income $140,000
Level 2 -- Attendance: 905 (90.50%) -- Ticket Income $36,200
Total Attendance: 2905 (96.83%)
Total Ticket Income: $176,200
Other Income: $8,810
Total Income: $185,010
Canucks
5 vs 5 Forward
Center Left Wing Right Wing Time % Phy DF OF
1 Nicolas Petan Ryan Lomberg Curtis Lazar 61 0 0 5
2 Axel Holmstrom Trevor Moore Daniel Zaar 25 1 2 2
3 Aleksi Heponiemi Mackenzie MacEachern Juho Lammikko 10 1 2 2
4 Lane Pederson C.J. Smith William Lockwood 4 1 2 2
5 vs 5 Defense
Defense Defense Time % Phy DF OF
1 Adam Ollas-Mattsson Dan Renouf 56 1 2 2
2 William Lagesson Daniil Miromanov 30 1 2 2
3 Guillaume Brisebois Will Borgen 10 1 2 2
4 Adam Ollas-Mattsson Dan Renouf 4 1 2 2
PowerPlay Forward
Center Left Wing Right Wing Time % Phy DF OF
1 Nicolas Petan Ryan Lomberg Curtis Lazar 60 0 0 5
2 Axel Holmstrom Trevor Moore Daniel Zaar 40 0 0 5
PowerPlay Defense
Defense Defense Time % Phy DF OF
1 Adam Ollas-Mattsson Dan Renouf 60 0 0 5
2 William Lagesson Daniil Miromanov 40 0 0 5
Penalty Kill 4 Players Forward
Center Wing Time % Phy DF OF
1 Nicolas Petan Ryan Lomberg 60 3 2 0
2 Axel Holmstrom Trevor Moore 40 3 2 0
Penalty Kill 4 Players Defense
Defense Defense Time % Phy DF OF
1 Adam Ollas-Mattsson Dan Renouf 60 2 3 0
2 William Lagesson Daniil Miromanov 40 2 3 0
Penalty Kill - 3 Players Forward
Forward Time % Phy DF OF
1 Nicolas Petan 60 3 2 0
2 Curtis Lazar 40 3 2 0
Penalty Kill - 3 Players Defense
Defense Defense Time % Phy DF OF
1 Adam Ollas-Mattsson Dan Renouf 60 3 2 0
2 William Lagesson Daniil Miromanov 40 2 3 0
4 vs 4 Forward
Center Wing Time % Phy DF OF
1 Nicolas Petan Ryan Lomberg 60 0 0 5
2 Axel Holmstrom Trevor Moore 40 1 2 2
4 vs 4 Defense
Defense Defense Time % Phy DF OF
1 Adam Ollas-Mattsson Dan Renouf 60 1 2 2
2 William Lagesson Daniil Miromanov 40 1 2 2
Last Minutes Offensive
Center Left Wing Right Wing Defense Defense
Nicolas Petan Ryan Lomberg Curtis Lazar Adam Ollas-Mattsson Dan Renouf
Last Minutes Defensive
Center Left Wing Right Wing Defense Defense
Nicolas Petan Ryan Lomberg Curtis Lazar Adam Ollas-Mattsson Dan Renouf
Goaltenders
Starting : Thatcher Demko
Backup : Casey DeSmith
Extra Forwards
Normal : Juho Lammikko, Trevor Moore, Axel Holmstrom - PP : Juho Lammikko, Trevor Moore - PK : Juho Lammikko
Extra Defensemen
Normal : Daniil Miromanov, Guillaume Brisebois, Will Borgen - PP : Daniil Miromanov - PK : Daniil Miromanov, Guillaume Brisebois
Penalty Shots
Curtis Lazar, Daniel Zaar, Ryan Lomberg, Nicolas Petan, Juho Lammikko
Custom OT Lines Forwards
Curtis Lazar, Daniel Zaar, Ryan Lomberg, Nicolas Petan, Juho Lammikko, Trevor Moore, Axel Holmstrom, Mackenzie MacEachern, C.J. Smith, William Lockwood
Custom OT Lines Defensemen
Adam Ollas-Mattsson, Dan Renouf, William Lagesson, Daniil Miromanov, Guillaume Brisebois
Scratches
Charles Hudon (Healthy), Brandon Saigeon (Healthy), Jay O'Brien (Healthy), Jack Rathbone (Healthy), Tobias Lindberg (Healthy)
Rasmus Asplund (Healthy), Aku Raty (Healthy), Jake Paterson (Healthy), Marek Langhamer (Healthy)
Thunderbirds
5 vs 5 Forward
Center Left Wing Right Wing Time % Phy DF OF
1 Rourke Chartier Pierre Engvall Joachim Blichfeld 40 1 2 2
2 Anthony Richard Michael Rasmussen Dylan Sikura 30 1 2 2
3 Trent Frederic Paul Cotter Emil Bemstrom 20 1 2 2
4 Rasmus Kupari Artturi Lehkonen Trey Fix-Wolansky 10 1 2 2
5 vs 5 Defense
Defense Defense Time % Phy DF OF
1 Jeremy Lauzon Henri Jokiharju 40 1 2 2
2 Dylan Blujus Matt Roy 30 1 2 2
3 Frederic Allard Sami Niku 20 1 2 2
4 Jeremy Lauzon Dylan Blujus 10 1 2 2
PowerPlay Forward
Center Left Wing Right Wing Time % Phy DF OF
1 Rourke Chartier Michael Rasmussen Joachim Blichfeld 60 1 2 2
2 Anthony Richard Paul Cotter Emil Bemstrom 40 1 2 2
PowerPlay Defense
Defense Defense Time % Phy DF OF
1 Sami Niku Jeremy Lauzon 60 1 2 2
2 Matt Roy Henri Jokiharju 40 1 2 2
Penalty Kill 4 Players Forward
Center Wing Time % Phy DF OF
1 Trent Frederic Pierre Engvall 60 1 2 2
2 Anthony Richard Dylan Sikura 40 1 2 2
Penalty Kill 4 Players Defense
Defense Defense Time % Phy DF OF
1 Henri Jokiharju Jeremy Lauzon 60 1 2 2
2 Dylan Blujus Frederic Allard 40 1 2 2
Penalty Kill - 3 Players Forward
Forward Time % Phy DF OF
1 Trent Frederic 60 1 2 2
2 Anthony Richard 40 1 2 2
Penalty Kill - 3 Players Defense
Defense Defense Time % Phy DF OF
1 Dylan Blujus Henri Jokiharju 60 1 2 2
2 Jeremy Lauzon Frederic Allard 40 1 2 2
4 vs 4 Forward
Center Wing Time % Phy DF OF
1 Rourke Chartier Michael Rasmussen 60 1 2 2
2 Anthony Richard Artturi Lehkonen 40 1 2 2
4 vs 4 Defense
Defense Defense Time % Phy DF OF
1 Henri Jokiharju Dylan Blujus 60 1 2 2
2 Matt Roy Jeremy Lauzon 40 1 2 2
Last Minutes Offensive
Center Left Wing Right Wing Defense Defense
Rourke Chartier Michael Rasmussen Joachim Blichfeld Jeremy Lauzon Sami Niku
Last Minutes Defensive
Center Left Wing Right Wing Defense Defense
Trent Frederic Pierre Engvall Dylan Sikura Henri Jokiharju Frederic Allard
Goaltenders
Starting : Magnus Hellberg
Backup : Emil Larmi
Extra Forwards
Normal : Rasmus Kupari, Dylan Sikura, Trey Fix-Wolansky - PP : Trent Frederic, Artturi Lehkonen - PK : Trey Fix-Wolansky
Extra Defensemen
Normal : Frederic Allard, Sami Niku, Jeremy Lauzon - PP : Sami Niku - PK : Frederic Allard, Dylan Blujus
Penalty Shots
Rourke Chartier, Anthony Richard, Joachim Blichfeld, Trey Fix-Wolansky, Rasmus Kupari
Custom OT Lines Forwards
Rourke Chartier, Pierre Engvall, Dylan Sikura, Joachim Blichfeld, Anthony Richard, Trent Frederic, Artturi Lehkonen, Michael Rasmussen, Emil Bemstrom, Paul Cotter
Custom OT Lines Defensemen
Jeremy Lauzon, Henri Jokiharju, Dylan Blujus, Frederic Allard, Matt Roy
Scratches
Nathan Smith (Healthy), Calen Addison (Healthy), Alex Vlasic (Healthy), Rafael Harvey-Pinard (Healthy), Nicholas Robertson (Healthy)
Arturs Silovs (Healthy)
% Time on Ice - Canucks
Lines # - Real PCT - Wanted PCT - Time Play
Normal Forward
1 - 36% - 61% - 15:57
2 - 25% - 25% - 10:59
3 - 20% - 10% - 8:57
4 - 18% - 4% - 8:00
Normal Defense
1 - 45% - 56% - 19:49
2 - 34% - 30% - 14:46
3 - 21% - 10% - 9:18
4 - 0% - 4% - 0:00
PP Forward
1 - 56% - 60% - 4:27
2 - 44% - 40% - 3:29
PP Defense
1 - 60% - 60% - 4:46
2 - 40% - 40% - 3:10
PK Forward
1 - 76% - 60% - 6:11
2 - 24% - 40% - 2:00
PK Defense
1 - 59% - 60% - 4:49
2 - 41% - 40% - 3:22
PK3 Forward
1 - 0% - 60%
2 - 0% - 40%
PK3 Defense
1 - 0% - 60%
2 - 0% - 40%
44 Forward
1 - 0% - 60%
2 - 0% - 40%
44 Defense
1 - 0% - 60%
2 - 0% - 40%
Last Minute Offensive - 0:00
Last Minute Defensive - 0:00
Total
Forward - 60:00
Defense - 60:00
|
% Time on Ice - Thunderbirds
Lines # - Real PCT - Wanted PCT - Time Play
Normal Forward
1 - 37% - 40% - 16:03
2 - 26% - 30% - 11:25
3 - 19% - 20% - 8:14
4 - 19% - 10% - 8:11
Normal Defense
1 - 42% - 40% - 18:20
2 - 29% - 30% - 12:46
3 - 16% - 20% - 7:14
4 - 13% - 10% - 5:33
PP Forward
1 - 56% - 60% - 4:33
2 - 44% - 40% - 3:38
PP Defense
1 - 67% - 60% - 5:27
2 - 33% - 40% - 2:44
PK Forward
1 - 69% - 60% - 5:28
2 - 31% - 40% - 2:28
PK Defense
1 - 83% - 60% - 6:35
2 - 17% - 40% - 1:21
PK3 Forward
1 - 0% - 60%
2 - 0% - 40%
PK3 Defense
1 - 0% - 60%
2 - 0% - 40%
44 Forward
1 - 0% - 60%
2 - 0% - 40%
44 Defense
1 - 0% - 60%
2 - 0% - 40%
Last Minute Offensive - 0:00
Last Minute Defensive - 0:00
Total
Forward - 60:00
Defense - 60:00
|
Play-by-Play
1st period
0:01 of 1st period - Rourke Chartier wins face-off versus Nicolas Petan in neutral zone.
0:03 of 1st period - Jeremy Lauzon is hit by Dan Renouf and loses puck.
0:04 of 1st period - Jeremy Lauzon from Thunderbirds is injured at 0:04 of 1st period (Left Hip).
0:05 of 1st period - Anthony Richard wins face-off versus Axel Holmstrom in Canucks zone.
0:37 of 1st period - Backhand shot by Emil Bemstrom.
0:37 of 1st period - Stopped by Thatcher Demko with a rebound.
0:51 of 1st period - Joachim Blichfeld is hit by William Lagesson and loses puck.
2:03 of 1st period - Snap shot by Emil Bemstrom.
2:03 of 1st period - Stopped by Thatcher Demko with a rebound.
2:38 of 1st period - Guillaume Brisebois is hit by Dylan Blujus and loses puck.
2:58 of 1st period - Matt Roy is hit by Will Borgen and loses puck.
3:13 of 1st period - Snap shot by Daniel Zaar.
3:13 of 1st period - Stopped by Magnus Hellberg without a rebound.
3:14 of 1st period - Rourke Chartier wins face-off versus Axel Holmstrom in Thunderbirds zone.
3:39 of 1st period - Dan Renouf is hit by Henri Jokiharju and loses puck.
3:58 of 1st period - Minor Penalty to Adam Ollas-Mattsson for Cross-checking.
3:59 of 1st period - Rourke Chartier wins face-off versus Nicolas Petan in Canucks zone.
4:04 of 1st period - Snap shot by Rourke Chartier.
4:04 of 1st period - Stopped by Thatcher Demko without a rebound.
4:05 of 1st period - Nicolas Petan wins face-off versus Rourke Chartier in Canucks zone.
4:16 of 1st period - Wrist shot by Ryan Lomberg.
4:16 of 1st period - Deflect By Nicolas Petan.
4:16 of 1st period - Stopped by Magnus Hellberg with a rebound.
4:30 of 1st period - Slapshot by Sami Niku.
4:30 of 1st period - Stopped by Thatcher Demko without a rebound.
4:31 of 1st period - Axel Holmstrom wins face-off versus Paul Cotter in Canucks zone.
5:42 of 1st period - Henri Jokiharju is hit by Will Borgen and loses puck.
5:58 of 1st period - Penalty to Adam Ollas-Mattsson is over, Adam Ollas-Mattsson is back on ice.
6:05 of 1st period - Wrist shot by Emil Bemstrom.
6:05 of 1st period - Stopped by Thatcher Demko with a rebound.
6:07 of 1st period - Snap shot by Trey Fix-Wolansky.
6:07 of 1st period - Stopped by Thatcher Demko with a rebound.
6:11 of 1st period - Wrist shot by Artturi Lehkonen.
6:11 of 1st period - Stopped by Thatcher Demko with a rebound.
6:13 of 1st period - Snap shot by Rasmus Kupari.
6:13 of 1st period - Shot Blocked by Adam Ollas-Mattsson.
6:15 of 1st period - Wrist shot by Rasmus Kupari.
6:15 of 1st period - Shot Blocked by Dan Renouf.
7:49 of 1st period - Wrist shot by Joachim Blichfeld.
7:49 of 1st period - Shot Blocked by Daniel Zaar.
7:51 of 1st period - Snap shot by Matt Roy.
7:51 of 1st period - Stopped by Thatcher Demko without a rebound.
7:52 of 1st period - Nicolas Petan wins face-off versus Pierre Engvall in Canucks zone.
8:01 of 1st period - Icing by Frederic Allard.
8:02 of 1st period - Rourke Chartier wins face-off versus Nicolas Petan in Thunderbirds zone.
8:07 of 1st period - Wrist shot by Joachim Blichfeld.
8:07 of 1st period - Stopped by Thatcher Demko with a rebound.
8:09 of 1st period - Wrist shot by Henri Jokiharju.
8:09 of 1st period - Shot Blocked by Adam Ollas-Mattsson.
8:13 of 1st period - Wrist shot by Rourke Chartier.
8:13 of 1st period - Deflect By Joachim Blichfeld.
8:13 of 1st period - Deflect By Adam Ollas-Mattsson.
8:13 of 1st period - Stopped by Thatcher Demko with a rebound.
8:19 of 1st period - Slapshot by Rourke Chartier.
8:19 of 1st period - Stopped by Thatcher Demko with a rebound.
8:21 of 1st period - Wrist shot by Joachim Blichfeld.
8:21 of 1st period - Shot Misses the Net.
8:33 of 1st period - Snap shot by Joachim Blichfeld.
8:33 of 1st period - Stopped by Thatcher Demko with a rebound.
8:37 of 1st period - Slapshot by Rourke Chartier.
8:37 of 1st period - Stopped by Thatcher Demko with a rebound.
8:39 of 1st period - Snap shot by Henri Jokiharju.
8:39 of 1st period - Deflect By Joachim Blichfeld.
8:39 of 1st period - Stopped by Thatcher Demko with a rebound.
8:41 of 1st period - Snap shot by Joachim Blichfeld.
8:41 of 1st period - Deflect By Rourke Chartier.
8:41 of 1st period - Stopped by Thatcher Demko with a rebound.
8:43 of 1st period - Wrist shot by Joachim Blichfeld.
8:43 of 1st period - Shot Blocked by Curtis Lazar.
8:45 of 1st period - Slapshot by Pierre Engvall.
8:45 of 1st period - Deflect By Joachim Blichfeld.
8:45 of 1st period - Shot Misses the Net.
8:45 of 1st period - Puck is out of play.
8:46 of 1st period - Anthony Richard wins face-off versus Trevor Moore in Canucks zone.
9:02 of 1st period - Icing by William Lagesson.
9:03 of 1st period - Axel Holmstrom wins face-off versus Trent Frederic in Canucks zone.
9:15 of 1st period - Minor Penalty to Frederic Allard for Holding.
9:16 of 1st period - Nicolas Petan wins face-off versus Trent Frederic in Thunderbirds zone.
11:15 of 1st period - Penalty to Frederic Allard is over, Frederic Allard is back on ice.
11:27 of 1st period - Wrist shot by Trey Fix-Wolansky.
11:27 of 1st period - Stopped by Thatcher Demko with a rebound.
11:41 of 1st period - Wrist shot by William Lockwood.
11:41 of 1st period - Deflect By Joachim Blichfeld.
11:41 of 1st period - Shot Blocked by Anthony Richard.
11:41 of 1st period - Puck is out of play.
11:42 of 1st period - Rourke Chartier wins face-off versus Lane Pederson in Thunderbirds zone.
11:52 of 1st period - Snap shot by C.J. Smith.
11:52 of 1st period - Shot Misses the Net.
11:54 of 1st period - Slapshot by Will Borgen.
11:54 of 1st period - Stopped by Magnus Hellberg with a rebound.
11:56 of 1st period - Snap shot by Lane Pederson.
11:56 of 1st period - Shot Blocked by Rourke Chartier.
13:10 of 1st period - Snap shot by Daniel Zaar.
13:10 of 1st period - Stopped by Magnus Hellberg without a rebound.
13:11 of 1st period - Anthony Richard wins face-off versus Nicolas Petan in Thunderbirds zone.
14:10 of 1st period - Snap shot by William Lockwood.
14:10 of 1st period - Shot Blocked by Dylan Blujus.
14:14 of 1st period - Wrist shot by William Lockwood.
14:14 of 1st period - Stopped by Magnus Hellberg with a rebound.
15:37 of 1st period - Rourke Chartier is hit by C.J. Smith and loses puck.
16:02 of 1st period - Ryan Lomberg is hit by Artturi Lehkonen and loses puck.
16:40 of 1st period - Daniil Miromanov is hit by Paul Cotter and loses puck.
16:53 of 1st period - Joachim Blichfeld is hit by Lane Pederson.
16:57 of 1st period - William Lagesson is hit by Henri Jokiharju and loses puck.
17:02 of 1st period - Wrist shot by Rourke Chartier.
17:02 of 1st period - Stopped by Thatcher Demko with a rebound.
17:04 of 1st period - Wrist shot by Joachim Blichfeld.
17:04 of 1st period - Shot Misses the Net.
17:30 of 1st period - Guillaume Brisebois is hit by Artturi Lehkonen and loses puck.
17:39 of 1st period - Trent Frederic is hit by Axel Holmstrom and loses puck.
18:40 of 1st period - Frederic Allard is hit by Adam Ollas-Mattsson and loses puck.
19:07 of 1st period - Anthony Richard is hit by Daniel Zaar.
19:37 of 1st period - Snap shot by Nicolas Petan.
19:37 of 1st period - Stopped by Magnus Hellberg with a rebound.
19:39 of 1st period - Slapshot by William Lagesson.
19:39 of 1st period - Stopped by Magnus Hellberg without a rebound.
19:40 of 1st period - Nicolas Petan wins face-off versus Paul Cotter in Thunderbirds zone.
19:49 of 1st period - Snap shot by Ryan Lomberg.
19:49 of 1st period - Stopped by Magnus Hellberg without a rebound.
19:50 of 1st period - Trent Frederic wins face-off versus Nicolas Petan in Thunderbirds zone.
19:52 of 1st period - Minor Penalty to Sami Niku for Boarding.
19:53 of 1st period - Nicolas Petan wins face-off versus Trent Frederic in Thunderbirds zone.
Goals for this period are 0 for Canucks vs 0 for Thunderbirds.
Shots for this period are 8 for Canucks vs 17 for Thunderbirds.
2nd period
0:01 of 2nd period - Nicolas Petan wins face-off versus Trent Frederic in neutral zone.
0:18 of 2nd period - Dan Renouf is hit by Pierre Engvall and loses puck.
0:43 of 2nd period - Backhand shot by Daniel Zaar.
0:43 of 2nd period - Shot Misses the Net.
1:52 of 2nd period - Penalty to Sami Niku is over, Sami Niku is back on ice.
3:32 of 2nd period - Juho Lammikko is hit by Pierre Engvall.
3:36 of 2nd period - Joachim Blichfeld is hit by Guillaume Brisebois and loses puck.
4:07 of 2nd period - Snap shot by Trevor Moore.
4:07 of 2nd period - Goal by Trevor Moore - Canucks : 1 - Thunderbirds : 0.
4:08 of 2nd period - Rourke Chartier wins face-off versus Nicolas Petan in neutral zone.
4:35 of 2nd period - Axel Holmstrom is hit by Dylan Sikura and loses puck.
5:41 of 2nd period - Wrist shot by Trevor Moore.
5:41 of 2nd period - Shot Misses the Net.
5:43 of 2nd period - Slapshot by Will Borgen.
5:43 of 2nd period - Stopped by Magnus Hellberg with a rebound.
5:53 of 2nd period - Snap shot by Juho Lammikko.
5:53 of 2nd period - Shot Misses the Net.
5:55 of 2nd period - Slapshot by Juho Lammikko.
5:55 of 2nd period - Goal by Juho Lammikko - Canucks : 2 - Thunderbirds : 0.
5:56 of 2nd period - Nicolas Petan wins face-off versus Rourke Chartier in neutral zone.
6:09 of 2nd period - Snap shot by Rourke Chartier.
6:09 of 2nd period - Deflect By Joachim Blichfeld.
6:09 of 2nd period - Shot Blocked by Dan Renouf.
6:09 of 2nd period - Puck is out of play.
6:10 of 2nd period - Nicolas Petan wins face-off versus Rourke Chartier in Canucks zone.
6:21 of 2nd period - Snap shot by Nicolas Petan.
6:21 of 2nd period - Stopped by Magnus Hellberg with a rebound.
6:37 of 2nd period - Anthony Richard is hit by Daniel Zaar and loses puck.
6:44 of 2nd period - Wrist shot by Axel Holmstrom.
6:44 of 2nd period - Shot Blocked by Matt Roy.
6:56 of 2nd period - Wrist shot by Aleksi Heponiemi.
6:56 of 2nd period - Shot Misses the Net.
7:10 of 2nd period - Minor Penalty to Mackenzie MacEachern for Interference.
7:11 of 2nd period - Nicolas Petan wins face-off versus Rourke Chartier in Canucks zone.
7:17 of 2nd period - Off-side.
7:18 of 2nd period - Nicolas Petan wins face-off versus Rourke Chartier in neutral zone.
7:34 of 2nd period - Slapshot by Sami Niku.
7:34 of 2nd period - Shot Misses the Net.
9:10 of 2nd period - Penalty to Mackenzie MacEachern is over, Mackenzie MacEachern is back on ice.
9:31 of 2nd period - Minor Penalty to Artturi Lehkonen for High sticking.
9:32 of 2nd period - Nicolas Petan wins face-off versus Trent Frederic in Thunderbirds zone.
9:43 of 2nd period - Wrist shot by Ryan Lomberg.
9:43 of 2nd period - Shot Blocked by Pierre Engvall.
9:45 of 2nd period - Wrist shot by Ryan Lomberg.
9:45 of 2nd period - Stopped by Magnus Hellberg with a rebound.
9:47 of 2nd period - Snap shot by Dan Renouf.
9:47 of 2nd period - Shot Misses the Net.
10:05 of 2nd period - Off-side.
10:06 of 2nd period - Nicolas Petan wins face-off versus Anthony Richard in neutral zone.
10:11 of 2nd period - Slapshot by William Lagesson.
10:11 of 2nd period - Shot Misses the Net.
10:31 of 2nd period - William Lagesson is hit by Frederic Allard and loses puck.
10:54 of 2nd period - Wrist shot by Daniel Zaar.
10:54 of 2nd period - Deflect By Ryan Lomberg.
10:54 of 2nd period - Stopped by Magnus Hellberg without a rebound.
10:55 of 2nd period - Nicolas Petan wins face-off versus Trent Frederic in Thunderbirds zone.
11:00 of 2nd period - Wrist shot by Ryan Lomberg.
11:00 of 2nd period - Shot Blocked by Frederic Allard.
11:31 of 2nd period - Penalty to Artturi Lehkonen is over, Artturi Lehkonen is back on ice.
11:34 of 2nd period - Matt Roy is hit by Axel Holmstrom and loses puck.
11:49 of 2nd period - Wrist shot by Artturi Lehkonen.
11:49 of 2nd period - Shot Blocked by Daniel Zaar.
11:55 of 2nd period - Slapshot by Pierre Engvall.
11:55 of 2nd period - Stopped by Thatcher Demko without a rebound.
11:56 of 2nd period - Nicolas Petan wins face-off versus Anthony Richard in Canucks zone.
12:11 of 2nd period - Snap shot by Anthony Richard.
12:11 of 2nd period - Deflect By Michael Rasmussen.
12:11 of 2nd period - Shot Blocked by Curtis Lazar.
12:11 of 2nd period - Puck is out of play.
12:12 of 2nd period - Nicolas Petan wins face-off versus Dylan Sikura in Canucks zone.
12:19 of 2nd period - Slapshot by Nicolas Petan.
12:19 of 2nd period - Stopped by Magnus Hellberg without a rebound.
12:20 of 2nd period - Anthony Richard wins face-off versus Nicolas Petan in Thunderbirds zone.
12:20 of 2nd period - Anthony Richard is hit by Curtis Lazar.
12:56 of 2nd period - Snap shot by Curtis Lazar.
12:56 of 2nd period - Stopped by Magnus Hellberg with a rebound.
13:02 of 2nd period - Dan Renouf is hit by Anthony Richard and loses puck.
13:14 of 2nd period - Minor Penalty to Adam Ollas-Mattsson for Holding.
13:15 of 2nd period - Nicolas Petan wins face-off versus Rourke Chartier in Canucks zone.
13:27 of 2nd period - Slapshot by Sami Niku.
13:27 of 2nd period - Stopped by Thatcher Demko without a rebound.
13:28 of 2nd period - Anthony Richard wins face-off versus Axel Holmstrom in Canucks zone.
13:29 of 2nd period - Wrist shot by Emil Bemstrom.
13:29 of 2nd period - Goal by Emil Bemstrom - Canucks : 2 - Thunderbirds : 1.
13:30 of 2nd period - Rourke Chartier wins face-off versus Nicolas Petan in neutral zone.
13:39 of 2nd period - Snap shot by Joachim Blichfeld.
13:39 of 2nd period - Shot Misses the Net.
13:41 of 2nd period - Slapshot by Dylan Blujus.
13:41 of 2nd period - Deflect By Pierre Engvall.
13:41 of 2nd period - Shot Misses the Net.
13:41 of 2nd period - Puck is out of play.
13:42 of 2nd period - Rourke Chartier wins face-off versus Nicolas Petan in Canucks zone.
13:57 of 2nd period - Backhand shot by Dylan Blujus.
13:57 of 2nd period - Stopped by Thatcher Demko without a rebound.
13:58 of 2nd period - Anthony Richard wins face-off versus Nicolas Petan in Canucks zone.
14:09 of 2nd period - Snap shot by Anthony Richard.
14:09 of 2nd period - Stopped by Thatcher Demko with a rebound.
14:23 of 2nd period - Rourke Chartier is hit by Dan Renouf and loses puck.
14:36 of 2nd period - Wrist shot by Daniel Zaar.
14:36 of 2nd period - Stopped by Magnus Hellberg with a rebound.
14:50 of 2nd period - Trent Frederic is hit by Juho Lammikko and loses puck.
14:57 of 2nd period - Wrist shot by Juho Lammikko.
14:57 of 2nd period - Shot Misses the Net.
14:59 of 2nd period - Slapshot by Adam Ollas-Mattsson.
14:59 of 2nd period - Deflect By Sami Niku.
14:59 of 2nd period - Goal by Adam Ollas-Mattsson - Canucks : 3 - Thunderbirds : 1.
15:00 of 2nd period - Nicolas Petan wins face-off versus Rourke Chartier in neutral zone.
15:05 of 2nd period - Slapshot by Nicolas Petan.
15:05 of 2nd period - Stopped by Magnus Hellberg without a rebound.
15:06 of 2nd period - Nicolas Petan wins face-off versus Rourke Chartier in Thunderbirds zone.
15:11 of 2nd period - Rourke Chartier is hit by Curtis Lazar and loses puck.
15:22 of 2nd period - Rourke Chartier is hit by Nicolas Petan and loses puck.
15:30 of 2nd period - Minor Penalty to Ryan Lomberg for Hooking.
15:31 of 2nd period - Nicolas Petan wins face-off versus Michael Rasmussen in Canucks zone.
17:30 of 2nd period - Penalty to Ryan Lomberg is over, Ryan Lomberg is back on ice.
17:37 of 2nd period - William Lockwood is hit by Dylan Blujus and loses puck.
17:46 of 2nd period - Will Borgen is hit by Sami Niku and loses puck.
17:59 of 2nd period - Henri Jokiharju is hit by Nicolas Petan and loses puck.
18:57 of 2nd period - Henri Jokiharju is hit by William Lockwood and loses puck.
19:44 of 2nd period - Anthony Richard is hit by Aleksi Heponiemi and loses puck.
19:59 of 2nd period - Daniel Zaar is hit by Rourke Chartier and loses puck.
Goals for this period are 3 for Canucks vs 1 for Thunderbirds.
Shots for this period are 11 for Canucks vs 5 for Thunderbirds.
3rd period
0:01 of 3rd period - Rourke Chartier wins face-off versus Nicolas Petan in neutral zone.
0:16 of 3rd period - Rourke Chartier is hit by Ryan Lomberg and loses puck.
0:56 of 3rd period - Slapshot by Matt Roy.
0:56 of 3rd period - Stopped by Thatcher Demko without a rebound.
0:57 of 3rd period - Anthony Richard wins face-off versus Axel Holmstrom in Canucks zone.
1:09 of 3rd period - Slapshot by Daniil Miromanov.
1:09 of 3rd period - Shot Misses the Net.
1:11 of 3rd period - Snap shot by Axel Holmstrom.
1:11 of 3rd period - Shot Misses the Net.
1:13 of 3rd period - Wrist shot by Axel Holmstrom.
1:13 of 3rd period - Shot Blocked by Michael Rasmussen.
1:23 of 3rd period - Michael Rasmussen is hit by William Lagesson and loses puck.
1:36 of 3rd period - Slapshot by Henri Jokiharju.
1:36 of 3rd period - Shot Blocked by Will Borgen.
1:38 of 3rd period - Snap shot by Dylan Sikura.
1:38 of 3rd period - Shot Blocked by Will Borgen.
1:40 of 3rd period - Slapshot by Frederic Allard.
1:40 of 3rd period - Shot Misses the Net.
1:44 of 3rd period - Snap shot by Dylan Sikura.
1:44 of 3rd period - Stopped by Thatcher Demko without a rebound.
1:45 of 3rd period - Trent Frederic wins face-off versus Axel Holmstrom in Canucks zone.
2:19 of 3rd period - Snap shot by Nicolas Petan.
2:19 of 3rd period - Shot Misses the Net.
2:47 of 3rd period - Icing by William Lagesson.
2:48 of 3rd period - Emil Bemstrom wins face-off versus Lane Pederson in Canucks zone.
3:00 of 3rd period - Slapshot by Daniil Miromanov.
3:00 of 3rd period - Stopped by Magnus Hellberg without a rebound.
3:01 of 3rd period - Ryan Lomberg wins face-off versus Rourke Chartier in Thunderbirds zone.
3:14 of 3rd period - Snap shot by Joachim Blichfeld.
3:14 of 3rd period - Stopped by Thatcher Demko with a rebound.
3:26 of 3rd period - Matt Roy is hit by Dan Renouf and loses puck.
3:36 of 3rd period - Slapshot by Anthony Richard.
3:36 of 3rd period - Shot Misses the Net.
4:02 of 3rd period - Snap shot by Axel Holmstrom.
4:02 of 3rd period - Stopped by Magnus Hellberg without a rebound.
4:03 of 3rd period - Nicolas Petan wins face-off versus Rourke Chartier in Thunderbirds zone.
4:14 of 3rd period - Slapshot by Curtis Lazar.
4:14 of 3rd period - Goal by Curtis Lazar - Canucks : 4 - Thunderbirds : 1.
4:15 of 3rd period - Rourke Chartier wins face-off versus Nicolas Petan in neutral zone.
4:17 of 3rd period - Minor Penalty to Sami Niku for Hooking.
4:18 of 3rd period - Nicolas Petan wins face-off versus Trent Frederic in Thunderbirds zone.
4:20 of 3rd period - Wrist shot by Nicolas Petan.
4:20 of 3rd period - Stopped by Magnus Hellberg without a rebound.
4:21 of 3rd period - Trent Frederic wins face-off versus Nicolas Petan in Thunderbirds zone.
4:28 of 3rd period - Slapshot by Henri Jokiharju.
4:28 of 3rd period - Deflect By Adam Ollas-Mattsson.
4:28 of 3rd period - Stopped by Thatcher Demko without a rebound.
4:29 of 3rd period - Trent Frederic wins face-off versus Nicolas Petan in Canucks zone.
4:30 of 3rd period - Snap shot by Pierre Engvall.
4:30 of 3rd period - Stopped by Thatcher Demko without a rebound.
4:31 of 3rd period - Nicolas Petan wins face-off versus Trent Frederic in Canucks zone.
4:56 of 3rd period - Axel Holmstrom is hit by Frederic Allard and loses puck.
6:17 of 3rd period - Penalty to Sami Niku is over, Sami Niku is back on ice.
6:37 of 3rd period - Wrist shot by Pierre Engvall.
6:37 of 3rd period - Stopped by Thatcher Demko without a rebound.
6:38 of 3rd period - Anthony Richard wins face-off versus Lane Pederson in Canucks zone.
6:39 of 3rd period - Backhand shot by Dylan Sikura.
6:39 of 3rd period - Shot Misses the Net.
6:52 of 3rd period - C.J. Smith is hit by Anthony Richard.
7:16 of 3rd period - Dan Renouf is hit by Artturi Lehkonen and loses puck.
8:30 of 3rd period - Snap shot by Artturi Lehkonen.
8:30 of 3rd period - Deflect By Trey Fix-Wolansky.
8:30 of 3rd period - Stopped by Thatcher Demko with a rebound.
8:34 of 3rd period - Slapshot by Rasmus Kupari.
8:34 of 3rd period - Stopped by Thatcher Demko with a rebound.
8:52 of 3rd period - Snap shot by Dylan Sikura.
8:52 of 3rd period - Stopped by Thatcher Demko with a rebound.
8:54 of 3rd period - Snap shot by Anthony Richard.
8:54 of 3rd period - Stopped by Thatcher Demko with a rebound.
9:00 of 3rd period - Minor Penalty to Guillaume Brisebois for Interference.
9:01 of 3rd period - Nicolas Petan wins face-off versus Rourke Chartier in Canucks zone.
9:01 of 3rd period - Nicolas Petan is hit by Rourke Chartier.
9:17 of 3rd period - Snap shot by Ryan Lomberg.
9:17 of 3rd period - Shot Misses the Net.
9:27 of 3rd period - Adam Ollas-Mattsson is hit by Henri Jokiharju and loses puck.
9:34 of 3rd period - Slapshot by Anthony Richard.
9:34 of 3rd period - Shot Blocked by Dan Renouf.
9:36 of 3rd period - Slapshot by Paul Cotter.
9:36 of 3rd period - Stopped by Thatcher Demko without a rebound.
9:37 of 3rd period - Nicolas Petan wins face-off versus Anthony Richard in Canucks zone.
9:52 of 3rd period - Axel Holmstrom is hit by Paul Cotter and loses puck.
11:00 of 3rd period - Penalty to Guillaume Brisebois is over, Guillaume Brisebois is back on ice.
11:32 of 3rd period - Adam Ollas-Mattsson is hit by Frederic Allard and loses puck.
12:31 of 3rd period - William Lagesson is hit by Henri Jokiharju.
13:02 of 3rd period - Trey Fix-Wolansky is hit by Lane Pederson and loses puck.
13:09 of 3rd period - Trey Fix-Wolansky is hit by C.J. Smith and loses puck.
13:25 of 3rd period - William Lagesson is hit by Joachim Blichfeld.
13:26 of 3rd period - Icing by William Lagesson.
13:27 of 3rd period - Daniel Zaar wins face-off versus Rourke Chartier in Canucks zone.
13:41 of 3rd period - Daniel Zaar is hit by Dylan Blujus and loses puck.
13:47 of 3rd period - Icing by Dan Renouf.
13:48 of 3rd period - Axel Holmstrom wins face-off versus Anthony Richard in Canucks zone.
13:48 of 3rd period - Axel Holmstrom is hit by Michael Rasmussen.
14:21 of 3rd period - Snap shot by Ryan Lomberg.
14:21 of 3rd period - Goal by Ryan Lomberg - Canucks : 5 - Thunderbirds : 1.
14:22 of 3rd period - Nicolas Petan wins face-off versus Rourke Chartier in neutral zone.
15:36 of 3rd period - Snap shot by Artturi Lehkonen.
15:36 of 3rd period - Stopped by Thatcher Demko with a rebound.
16:39 of 3rd period - Michael Rasmussen is hit by C.J. Smith and loses puck.
17:04 of 3rd period - Wrist shot by Trey Fix-Wolansky.
17:04 of 3rd period - Goal by Trey Fix-Wolansky - Canucks : 5 - Thunderbirds : 2.
17:05 of 3rd period - Rourke Chartier wins face-off versus Nicolas Petan in neutral zone.
17:20 of 3rd period - Sami Niku is hit by Curtis Lazar and loses puck.
17:59 of 3rd period - Snap shot by Mackenzie MacEachern.
17:59 of 3rd period - Shot Misses the Net.
18:22 of 3rd period - Snap shot by Trey Fix-Wolansky.
18:22 of 3rd period - Stopped by Thatcher Demko without a rebound.
18:23 of 3rd period - Joachim Blichfeld wins face-off versus Nicolas Petan in Canucks zone.
18:35 of 3rd period - Icing by Curtis Lazar.
18:36 of 3rd period - Nicolas Petan wins face-off versus Rourke Chartier in Canucks zone.
18:47 of 3rd period - Joachim Blichfeld is hit by Curtis Lazar.
18:53 of 3rd period - Curtis Lazar is hit by Rourke Chartier and loses puck.
19:08 of 3rd period - Wrist shot by Ryan Lomberg.
19:08 of 3rd period - Shot Blocked by Dylan Blujus.
19:10 of 3rd period - Wrist shot by Ryan Lomberg.
19:10 of 3rd period - Shot Blocked by Dylan Blujus.
19:28 of 3rd period - Matt Roy is hit by Curtis Lazar and loses puck.
19:35 of 3rd period - Wrist shot by Ryan Lomberg.
19:35 of 3rd period - Shot Misses the Net.
19:41 of 3rd period - Nicolas Petan is hit by Michael Rasmussen.
19:55 of 3rd period - Wrist shot by Joachim Blichfeld.
19:55 of 3rd period - Deflect By Pierre Engvall.
19:55 of 3rd period - Stopped by Thatcher Demko without a rebound.
19:56 of 3rd period - Rourke Chartier wins face-off versus Axel Holmstrom in Canucks zone.
Goals for this period are 2 for Canucks vs 1 for Thunderbirds.
Shots for this period are 5 for Canucks vs 15 for Thunderbirds.
Output by the SimonT Hockey Simulator (STHS) for Francois Prevost